Description

Memes

Replay - HeRoMaRinE v Ryung: Game 1 - Acid Plant LE

Build Order

Get SALT Encoding   

  12  0:01  SCV  
  13  0:13  SCV  
  14  0:17  Supply Depot  
  14  0:25  SCV  
  14  0:28  Refinery  
  15  0:38  SCV  
  16  0:44  Barracks  
  16  0:51  SCV  
  17  1:03  SCV  
  18  1:15  SCV  
  19  1:30  Orbital Command  
  19  1:31  Reaper  
  20  1:45  Command Center  
  20  1:56  Factory  
  20  2:00  SCV  
  21  2:06  Barracks Reactor  
  21  2:12  Supply Depot, SCV  
  22  2:18  Refinery  
  22  2:24  SCV  
  23  2:41  Hellion  
  23  2:43  Starport  
  26  2:44  Marine x2  
  26  2:58  Orbital Command  
  29  3:02  Factory Tech Lab  
  29  3:03  Marine x2  
  32  3:17  Bunker  
  34  3:27  Raven  
  34  3:28  Marine x2  
  38  3:34  Factory Tech Lab  
  39  3:44  Supply Depot  
  40  3:50  Marine x2  
  46  4:08  Supply Depot  
  48  4:18  Raven  
  48  4:21  Command Center  
  49  4:25  Refinery x2  
  49  4:29  Siege Tank  
  54  4:32  Marine x2  
  58  4:45  Supply Depot  
  58  4:52  Engineering Bay x2  
  59  5:11  Starport Reactor  
  60  5:15  Stimpack  
  61  5:22  Terran Infantry Weapons Level 1, Terran Infantry Armor Level 1  
  61  5:27  Barracks x2  
  64  5:36  Orbital Command  
  64  5:41  Siege Tank  
  70  5:53  Starport Reactor  
  70  5:54  Missile Turret  
  70  6:12  Barracks x2  
  70  6:14  Siege Tank  
  76  6:20  Missile Turret  
  76  6:24  Orbital Command  
  78  6:35  Medivac x2  
  85  6:56  Armory  
  88  7:03  Barracks Reactor  
  88  7:06  Siege Tank  
  92  7:14  Medivac  
  93  7:15  Barracks Reactor  
  93  7:23  Medivac  
  101  7:37  Combat Shields  
  101  7:45  Terran Infantry Weapons Level 2, Terran Infantry Armor Level 2  
  106  7:51  Refinery x2  
  113  8:09  Siege Tank  
  113  8:11  Terran Vehicle Weapons Level 1  
  113  8:30  Medivac x2  
  117  8:37  Factory  
  117  8:40  Sensor Tower  
  126  8:50  Siege Tank  
  119  9:16  Viking  
  124  9:21  Command Center  
  125  9:27  Factory Tech Lab, Siege Tank  
  136  9:46  Viking x2, Siege Tank  
  145  9:59  Siege Tank  
Spawning Tool Build Advisor. Get it on Overwolf

Analysis

Memes

Go to:

Details

  • Created by: Aggression
  • Published on: Mar 11, 2018
  • Modified on: Mar 11, 2018
  • Patch: 4.0.0
Show
View Real Time Build Order
Export as new Build Order

Comments (0)

There are no comments. Be the first!

Create an account to comment!